AoeStats
← [GDL] Maldito Pantoja

Arena

505589593Analyzed
4v4 RM · 23d ago on Sep 10, 2026· 52m 6s· 8 players
Game mode
Random Map
Map size
Large (8 player)
Population
200
Speed
Normal
Resources
Standard
Victory
Conquest
Starting age
Dark Age
Ending age
Imperial Age
RankedLock teamsTeams togetherTeam positionsShared explorationLock speedFull tech treeHidden civsTurbo modeCheats
Victory
Defeat
🇵🇪 Hindustanis · Peru
1408
+13
🇦🇷 Mongols · Argentina
1358
+15
🇭🇰 Celts · Hong Kong SAR China
1347
+16
🇨🇳 Franks · China
1312
+17
🇯🇵 Bohemians · Japan
1379
-16
🇺🇸 Franks · United States
1373
-17
🇲🇽 Celts · Mexico
1341
-15
🇺🇸 Poles · United States
1281
-13
[GDL] Maldito Pantoja
11:09 Feudal Age
15:48 Castle Age
14:59 Loom
22:42 Double-Bit Axe
26:38 Wheelbarrow
28:52 Hand Cart
28:47 Bow Saw
28:27 Gold Mining
28:18 Horse Collar
28:29 Gold Mining
30:06 Heavy Plow
30:41 Gold Shaft Mining
29:56 Stone Mining
30:18 Bow Saw
30:46 Gold Shaft Mining
30:05 Stone Mining
30:03 Town Watch
30:05 Town Watch
35:22 Imperial Age
35:27 Onager
37:12 Chemistry
36:34 Ballistics
36:05 Fletching
38:33 Capped Ram
42:18 Forging
42:08 Scale Mail Armor
43:38 Conscription
43:54 Iron Casting
43:07 Gambesons
43:08 Arson
jasonmitre21
11:30 Feudal Age
12:17 Loom
15:41 Castle Age
13:11 Man-at-Arms
13:53 Horse Collar
15:06 Double-Bit Axe
15:49 Arson
17:25 Heavy Plow
18:14 Bow Saw
18:49 Scale Mail Armor
23:31 Squires
25:53 Chain Mail Armor
27:16 Wheelbarrow
26:26 Town Watch
27:09 Gold Mining
27:10 Stone Mining
31:52 Imperial Age
29:45 Forging
31:19 Iron Casting
30:12 Pikeman
33:05 Plate Mail Armor
33:00 Conscription
32:02 Elite Obuch
33:16 Lechitic Legacy
34:25 Blast Furnace
35:23 Crop Rotation
36:14 Fletching
38:37 Scale Barding Armor
38:43 Szlachta Privileges
39:37 Chain Barding Armor
39:56 Bloodlines
39:47 Husbandry
39:07 Cavalier
39:17 Cavalier
41:35 Light Cavalry
43:06 Hand Cart
44:33 Winged Hussar
47:39 Bodkin Arrow
49:12 Hoardings
51:45 Bracer
DUDA
10:07 Feudal Age
14:20 Castle Age
13:42 Double-Bit Axe
19:47 Fervor
21:35 Wheelbarrow
22:23 Bow Saw
22:47 Gold Mining
24:55 Hand Cart
25:50 Stone Mining
26:39 Gold Shaft Mining
29:45 Imperial Age
27:29 Scale Mail Armor
27:40 Forging
27:58 Ballistics
27:20 Pikeman
28:03 Squires
27:48 Gambesons
31:20 Iron Casting
31:01 Chain Mail Armor
31:49 Chemistry
30:17 Halberdier
31:22 Town Watch
33:05 Blast Furnace
33:14 Conscription
33:19 #83
32:20 Elite Throwing Axeman
41:43 Hoardings
41:46 Cavalier
42:27 Husbandry
42:35 Scale Barding Armor
43:01 Plate Mail Armor
44:23 Chain Barding Armor
43:55 Paladin
46:48 Plate Barding Armor
Keishi
10:48 Feudal Age
10:08 Loom
16:03 Castle Age
15:15 Fletching
19:38 Bodkin Arrow
24:11 Double-Bit Axe
27:40 Horse Collar
29:42 Bow Saw
32:09 Wheelbarrow
31:24 Town Watch
36:40 Imperial Age
34:49 Scale Mail Armor
34:59 Forging
34:11 Pikeman
35:16 Squires
35:51 Chain Mail Armor
37:09 Iron Casting
38:19 Plate Mail Armor
38:26 Conscription
38:52 Hand Cart
39:27 Halberdier
40:39 Bracer
41:21 Treadmill Crane
43:58 Chemistry
44:21 Fortified Wall
46:31 Blast Furnace
48:07 Two-Man Saw
48:01 Siege Engineers
49:00 Man-at-Arms
51:14 Houfnice
CURITA1000
10:38 Feudal Age
14:30 Castle Age
12:23 Double-Bit Axe
12:59 Horse Collar
14:19 Loom
15:37 Bow Saw
20:33 Fervor
21:12 Squires
21:04 Man-at-Arms
22:55 Wheelbarrow
24:42 Husbandry
24:53 Bloodlines
25:32 Hand Cart
25:25 Heavy Plow
26:31 Scale Barding Armor
26:37 Forging
28:20 Chain Barding Armor
28:48 Iron Casting
29:07 Stone Mining
29:07 Gold Mining
31:49 Imperial Age
31:19 Gold Shaft Mining
31:19 Stone Shaft Mining
30:40 Fletching
31:41 Padded Archer Armor
32:04 Ballistics
31:40 Murder Holes
33:40 Chemistry
32:58 Leather Archer Armor
32:45 Shatagni
33:06 Conscription
32:22 Heavy Camel Rider
33:39 Plate Barding Armor
35:43 Two-Man Saw
35:47 Thumb Ring
35:34 Town Watch
36:28 Imperial Camel Rider
41:14 Light Cavalry
42:27 Ring Archer Armor
43:06 Blast Furnace
46:52 Hussar
47:29 Bodkin Arrow
47:47 Masonry
47:43 Siege Engineers
47:33 Murder Holes
PSX | Cristov
7:02 Loom
8:48 Feudal Age
10:49 Fletching
10:57 Double-Bit Axe
13:33 Horse Collar
21:40 Castle Age
24:18 Wheelbarrow
28:52 Imperial Age
28:14 Stone Mining
28:17 Gold Mining
28:14 Town Watch
29:38 Padded Archer Armor
29:50 Heavy Plow
30:52 Gold Shaft Mining
31:14 Bodkin Arrow
33:54 Chemistry
33:21 Ballistics
35:25 Leather Archer Armor
36:56 Stone Shaft Mining
36:23 Bracer
37:35 Chemistry
40:22 Bloodlines
40:12 Husbandry
41:06 Thumb Ring
42:03 Parthian Tactics
41:41 Elite Mangudai
44:02 Conscription
47:26 Fortified Wall
47:12 Murder Holes
Freegan
3:52 Loom
11:53 Feudal Age
15:58 Castle Age
14:07 Horse Collar
14:29 Double-Bit Axe
15:12 Gold Mining
23:43 Bow Saw
28:21 Wheelbarrow
29:05 Heavy Plow
29:00 Stone Mining
29:45 Gold Shaft Mining
29:12 Pikeman
36:41 Imperial Age
34:31 Hand Cart
34:56 Forging
34:46 Scale Mail Armor
34:56 Forging
34:47 Scale Mail Armor
34:57 Forging
34:47 Scale Mail Armor
35:24 Gold Shaft Mining
35:24 Stone Shaft Mining
37:23 Iron Casting
37:03 Chain Mail Armor
37:23 Iron Casting
37:03 Chain Mail Armor
37:34 Onager
37:34 Heavy Scorpion
37:36 Capped Ram
38:30 Furor Celtica
38:33 Siege Ram
41:21 Siege Onager
42:13 Halberdier
43:25 Elite Woad Raider
46:08 Blast Furnace
45:38 Plate Mail Armor
46:08 Blast Furnace
45:38 Plate Mail Armor
46:13 Fletching
46:30 Siege Engineers
47:25 Chemistry
46:36 Masonry
46:48 Conscription
49:35 Bodkin Arrow
鱼鱼
9:59 Feudal Age
13:57 Castle Age
12:05 Double-Bit Axe
20:27 Wheelbarrow
21:48 Hand Cart
25:38 Gold Mining
25:39 Stone Mining
26:18 Loom
26:18 Town Watch
28:20 Gold Shaft Mining
30:29 Imperial Age
28:46 Scale Barding Armor
28:52 Forging
29:41 Husbandry
30:08 Chain Barding Armor
31:38 Iron Casting
30:33 Cavalier
31:20 Chivalry
32:14 Plate Barding Armor
32:16 Conscription
32:28 Paladin
34:35 Blast Furnace
41:26 Caravan
49:37 Chemistry
48:57 Ballistics
48:43 Siege Engineers
48:43 Heavy Scorpion
49:23 Elite Throwing Axeman
50:23 #83
50:35 Fletching
50:45 Padded Archer Armor
50:46 Scale Mail Armor
Connection lost

Rejoining the realm…

Still unreachable

The connection could not be restored.

Session expired

The server has moved on; the page needs a fresh start.